Map: [ESL] Data-C

Players

夜蝶蝶蝶蝶蝶蝶蝶 (Firefly) - Winner!

  • Race: Protoss Protoss

Cyan

  • Race: Protoss Protoss

Event: DreamHack SC2 Masters 2022 Atlanta (Online)

VOD

Have the link to the VOD?

Description

Time

  • Played on: Oct. 6, 2022, 9:09 a.m.
  • Length: 4:58

All games in this series

Show
View Real Time Build Order
Export as new Build Order

夜蝶蝶蝶蝶蝶蝶蝶 Protoss - Winner!

Build Orders:  

Get SALT Encoding   

  12  0:00  Probe  
  13  0:12  Probe  
  14  0:19  Pylon  
  14  0:24  Probe  
  15  0:37  Probe (Chrono Boost)  
  15  0:38  Gateway  
  16  0:46  Probe (Chrono Boost)  
  16  0:48  Assimilator  
  17  0:51  Probe  
  18  1:03  Probe  
  19  1:15  Probe  
  20  1:26  Cybernetics Core  
  20  1:27  Zealot  
  20  1:28  Probe, Pylon  
  23  1:34  Pylon  
  23  1:46  Probe  
  24  1:51  Assimilator  
  24  1:58  Probe  
  24  1:59  Stalker (Chrono Boost)  
  24  2:01  Warp Gate (Chrono Boost)  
  27  2:13  Cybernetics Core  
  27  2:22  Stalker (Chrono Boost)  
  29  2:26  Gateway  
  29  2:37  Pylon  
  29  2:48  Stalker (Chrono Boost)  
  29  2:49  Gateway  
  31  2:51  Pylon  
  31  2:57  Shield Battery  
  31  3:09  Gateway  
  29  3:43  Stalker  
  29  3:44  Stalker  
  29  3:45  Stalker  
  33  4:03  Stalker  
  33  4:06  Stalker  
  33  4:07  Stalker  
  33  4:08  Stalker  
  38  4:33  Stalker x3  
  44  4:39  Stalker  
Show
View Real Time Build Order
Export as new Build Order

Cyan Protoss 

Build Orders: Oracle Opening 

Get SALT Encoding   

  12  0:00  Probe  
  13  0:12  Probe  
  14  0:17  Pylon  
  14  0:24  Probe (Chrono Boost)  
  15  0:36  Probe (Chrono Boost)  
  15  0:38  Gateway  
  16  0:44  Probe (Chrono Boost)  
  16  0:48  Assimilator  
  17  0:51  Probe  
  18  0:58  Assimilator  
  18  1:03  Probe (Chrono Boost)  
  19  1:06  Pylon  
  19  1:15  Probe (Chrono Boost)  
  20  1:23  Probe (Chrono Boost)  
  21  1:27  Cybernetics Core  
  21  1:29  Probe  
  21  1:32  Zealot  
  24  1:41  Probe  
  24  1:44  Pylon  
  25  1:54  Probe  
  26  2:04  Stargate  
  26  2:09  Adept  
  26  2:12  Cybernetics Core  
  28  2:16  Probe  
  28  2:20  Warp Gate (Chrono Boost)  
  29  2:26  Pylon  
  29  2:39  Stalker  
  31  2:53  Oracle (Chrono Boost)  
  34  3:00  Shield Battery  
  34  3:08  Stalker  
  36  3:19  Nexus  
  37  3:34  Oracle  
  37  3:45  Stalker  
  37  3:48  Shield Battery  
  39  3:58  Gateway  
  39  4:08  Gateway  
  37  4:24  Stalker  
Tags
 
Add a new tag
Caveats
  • Supply blocks, unpowered buildings, or Contaminate may cause inaccurate times.
  • Supply counts are checked every 10 seconds.